 Dungeon Crawl Stone Soup version 0.19.1-1-g22dce08 (webtiles) character file.

982 theAP the Cleaver (level 8, -1/71 HPs)
             Began as a Hill Orc Fighter on Jan 6, 2017.
             Was a Follower of Uskayaw.
             Slain by a killer bee (7 damage)
             ... on level 6 of the Dungeon.
             The game lasted 00:10:30 (4306 turns).

theAP the Cleaver (Hill Orc Fighter)                Turns: 4306, Time: 00:10:31

Health: -1/71      AC: 11    Str: 21    XL:     8   Next: 17%
Magic:  11/11      EV:  3    Int: 13    God:    Uskayaw [*.....]
Gold:   349        SH:  9    Dex: 10    Spells: 0 memorised, 7 levels left

rFire  . . .     SeeInvis .     a - +0 war axe
rCold  . . .     Gourm    .     t - +0 plate armour
rNeg   . . .     Faith    .     c - +0 shield
rPois  .         Spirit   .     (no helmet)
rElec  .         Reflect  .     (no cloak)
rCorr  .         Harm     .     (no gloves)
MR     .....                    (no boots)
Stlth  ..........               (no amulet)
                                (no ring)
                                B - ring of flight

@: brilliant, lethally poisoned (-1 -> -8)
A: no striking features
a: Stomp, Renounce Religion, Evoke Flight


You were on level 6 of the Dungeon.
You worshipped Uskayaw.
Uskayaw was noncommittal.
You were hungry.

You visited 2 branches of the dungeon, and saw 7 of its levels.

You collected 349 gold pieces.

Inventory:

Hand Weapons
 a - a +0 war axe (weapon)
Armour
 c - a +0 shield (worn)
 t - a +0 plate armour (worn)
Jewellery
 y - an uncursed ring of flight
 B - a ring of flight (left hand)
Scrolls
 j - 3 scrolls of enchant armour {unknown}
 n - 3 scrolls of identify {unknown}
 o - 2 scrolls of remove curse {unknown}
 p - 2 scrolls of teleportation {unknown}
 q - a scroll of magic mapping {unknown}
 s - 2 scrolls of enchant weapon {unknown}
 v - a scroll of immolation {unknown}
 x - 2 scrolls of amnesia {unknown}
 C - a scroll of blinking {unknown}
Potions
 d - a potion of might
 e - a potion of magic {unknown}
 h - a potion of mutation {unknown}
 i - a potion of lignification
 k - a potion of heal wounds {unknown}
 u - a potion of haste {unknown}
 w - a potion of degeneration {unknown}
 z - a potion of brilliance
Comestibles
 f - 6 bread rations
 g - 3 slices of pizza
 l - 3 meat rations
 r - a beef jerky
 A - 3 fruits


   Skills:
 + Level 6.8 Fighting
 * Level 9.3 Axes
 - Level 3.4 Armour
 - Level 3.6 Shields
 + Level 4.1 Invocations


You had 7 spell levels left.
You didn't know any spells.

Dungeon Overview and Level Annotations

Branches:
Dungeon (6/15)             Temple (1/1) D:4

Altars:
Ashenzari
Cheibriados
Dithmenos
Elyvilon
Gozag
Hepliaklqana
Kikubaaqudgha
Makhleb
Nemelex Xobeh
Qazlal
Ru
Sif Muna
Trog
Uskayaw
Vehumet
Xom
Zin
The Shining One

Shops:
D:5 [


Message History

The killer bee stings you but does no damage.
The killer bee stings you. x2; You block the killer bee's attack.
You miss the killer bee.
Your plate armour prevents you from hitting the killer bee.
You miss the killer bee. The killer bee stings you!
* * * LOW HITPOINT WARNING * * *
You are poisoned.
The killer bee poisons you!
The killer bee stings you but does no damage.
You block the killer bee's attack. x2; The killer bee stings you.
* * * LOW HITPOINT WARNING * * *
You are more poisoned.
The killer bee poisons you! The killer bee barely misses you.
The killer bee stings you!
* * * LOW HITPOINT WARNING * * *
It was a potion of brilliance.
You feel clever all of a sudden.
* * * LOW HITPOINT WARNING * * *
You feel sick. The killer bee stings you!
You die...

.....####.........#+##
#....(.##............#
#......###...........#
..##...##............##.
..##...##.........#.....
........................
#######....#####.###....
......##..y........
........##..y@y.#....
..........##..yyy.# .#
..........##.........
...........#...[.......
.......................
..............
...............
.##............


You could see 6 killer bees.

Vanquished Creatures
  Sigmund (D:6)
  An ogre (D:6)
  A phantom (D:6)
  A centaur (D:6)
  The ghost of Paps the Shield-Bearer, an amateur GrFi (D:3)
  A howler monkey (D:5)
  2 crimson imps
  A centaur skeleton (D:5)
  6 worker ants
  An iguana (D:6)
  3 worker ant zombies (D:5)
  8 adders
  2 oozes
  3 worms
  2 dart slugs
  A leopard gecko (D:4)
  10 orcs
  6 bats
  6 giant cockroaches
  4 goblins
  4 hobgoblins
  2 jackals
  4 quokkas
  3 frilled lizards
  7 kobolds
  A leopard gecko zombie (D:5)
  7 rats
89 creatures vanquished.

Notes
Turn   | Place    | Note
-------+----------+-------------------------------------------
     0 | D:1      | theAP the Hill Orc Fighter began the quest for the Orb.
     0 | D:1      | Reached XP level 1. HP: 19/19 MP: 1/1
   232 | D:1      | Reached XP level 2. HP: 23/27 MP: 2/2
   599 | D:2      | Reached skill level 3 in Axes
   599 | D:2      | Reached XP level 3. HP: 15/33 MP: 3/3
  1222 | D:2      | Reached skill level 4 in Axes
  1402 | D:3      | Reached XP level 4. HP: 33/40 MP: 4/4
  1483 | D:3      | Noticed Paps's ghost (amateur GrFi)
  1500 | D:3      | Killed Paps's ghost
  1500 | D:3      | Reached skill level 5 in Axes
  1500 | D:3      | Reached XP level 5. HP: 8/47 MP: 5/5
  1807 | D:3      | Reached skill level 5 in Fighting
  1866 | D:3      | Found a faded altar of an unknown god.
  2077 | D:3      | Found a sparkling altar of Nemelex Xobeh.
  2437 | D:4      | Reached skill level 6 in Axes
  2569 | D:4      | Reached XP level 6. HP: 43/56 MP: 6/6
  2849 | D:4      | Found a staircase to the Ecumenical Temple.
  2877 | Temple   | Entered the Ecumenical Temple
  2886 | Temple   | Became a worshipper of Uskayaw the Reveler
  2971 | D:4      | Reached * piety under Uskayaw
  3074 | D:5      | Entered Level 5 of the Dungeon
  3080 | D:5      | Reached ** piety under Uskayaw
  3084 | D:5      | Reached skill level 7 in Axes
  3158 | D:5      | Reached skill level 1 in Invocations
  3395 | D:5      | Found Ynoim's Antique Armour Shoppe.
  3445 | D:5      | Reached XP level 7. HP: 53/62 MP: 8/8
  3870 | D:6      | Noticed Sigmund
  3876 | D:6      | Reached skill level 8 in Axes
  3880 | D:6      | Reached *** piety under Uskayaw
  3890 | D:6      | Reached **** piety under Uskayaw
  3902 | D:6      | Killed Sigmund
  4040 | D:6      | Reached XP level 8. HP: 18/71 MP: 10/10
  4086 | D:6      | Reached skill level 9 in Axes
  4306 | D:6      | Slain by a killer bee

Skill      XL: |  1  2  3  4  5  6  7  8 |
---------------+-------------------------+-----
Fighting       | 4 5 6 |  6.8
Axes           | 3 4 5 6 7 8 9 |  9.3
Invocations    | 2 3 4 |  4.1
Armour         | |  3.4
Shields        | |  3.6

Action                   |  1- 3 |  4- 6 |  7- 9 || total
-------------------------+-------+-------+-------++-------
Melee: War axe           |   112 |   190 |   112 ||   414
  Use: Potion            |       |     1 |     2 ||     3
  Eat: Chunk             |     2 |     5 |       ||     7
       Beef jerky        |       |     1 |       ||     1
       Fruit             |       |       |     3 ||     3
Armor: Scale mail        |    16 |       |       ||    16
       Chain mail        |    31 |       |       ||    31
       Plate armour      |     1 |   111 |    61 ||   173
       Skin              |       |       |     4 ||     4
Dodge: Dodged            |    22 |    17 |    16 ||    55
Block: Shield            |    63 |    74 |    39 ||   176
